AoeStats
← Malelf

Arabia

507593342Analyzed
1v1 RM · 13d ago on Sep 18, 2026· 33m 5s· 2 players
Game mode
Random Map
Map size
Tiny (2 player)
Population
200
Speed
Normal
Resources
Standard
Victory
Conquest
Starting age
Dark Age
Ending age
Imperial Age
RankedLock teamsTeams togetherTeam positionsShared explorationLock speedFull tech treeHidden civsTurbo modeCheats
Victory
Defeat
🇮🇹 Tatars · Italy
1661
+18
🇨🇴 Jurchens · Colombia
1712
-18
Malelf
8:01 Loom
10:50 Feudal Age
11:28 Double-Bit Axe
13:10 Horse Collar
19:37 Castle Age
17:45 Gold Mining
18:23 Fletching
20:17 Bodkin Arrow
21:45 Wheelbarrow
21:20 Bow Saw
22:30 Heavy Plow
24:23 Ballistics
24:25 Town Watch
24:46 Padded Archer Armor
27:00 Leather Archer Armor
27:30 Bloodlines
32:40 Stone Mining
33:02 Husbandry
Panelo
6:14 Loom
8:51 Feudal Age
10:18 Town Watch
10:37 Double-Bit Axe
10:33 Horse Collar
13:55 Wheelbarrow
19:44 Castle Age
18:31 Fletching
19:40 Gold Mining
20:24 Padded Archer Armor
20:25 Bodkin Arrow
21:04 Padded Archer Armor
22:26 Husbandry
23:26 Bow Saw
24:28 Ballistics
25:13 Bloodlines
Connection lost

Rejoining the realm…

Still unreachable

The connection could not be restored.

Session expired

The server has moved on; the page needs a fresh start.